 Dungeon Crawl Stone Soup version 0.22-a0-322-g60b3cfd (webtiles) character file.

24572 Amnesiac the Thaumaturge (level 13, -1/88 HPs)
             Began as a Gnoll Air Elementalist on Apr 2, 2018.
             Was a Priest of Ashenzari.
             Slain by an orange demon (13 damage)
             ... summoned by an orc high priest
             ... on level 1 of the Orcish Mines.
             The game lasted 00:39:31 (18675 turns).

Amnesiac the Thaumaturge (Gnoll Air Elementalist)  Turns: 18675, Time: 00:39:33

Health: -1/88      AC:  5    Str: 12    XL:     13   Next: 14%
Magic:  5/26       EV: 18    Int: 21    God:    Ashenzari [***...]
Gold:   1747       SH:  7    Dex: 16    Spells: 17/30 levels left

rFire    + + .     SeeInvis +   w - +2 whip (elec)
rCold    + . .     Gourm    .   t - +1 buckler
rNeg     . . .     Faith    .   s - +2 leather armour {rC+}
rPois    .         Spirit   .   o - +2 hat
rElec    .         Reflect  .   (no cloak)
rCorr    .         Harm     .   B - +0 pair of gloves
MR       +....                  (no boots)
Stlth    +++.......             (no amulet)
HPRegen  0.24/turn              f - ring of protection from fire (curse)
MPRegen  0.20/turn              r - ring of loudness (curse)

@: corroded, hasted, drained, very quick
A: distributed training, fangs 1, fire resistance 1, frail 1, magic resistance
1, strong nose
a: Curse Item, Scrying, Renounce Religion


You were on level 1 of the Orcish Mines.
You worshipped Ashenzari.
Ashenzari was most pleased with you.
You were not hungry.

You visited 3 branches of the dungeon, and saw 15 of its levels.

You collected 1747 gold pieces.

Inventory:

Hand Weapons
 b - a +2 falchion of protection
 v - a +1 blowgun
 w - a +2 whip of electrocution (weapon)
 x - a +3 scimitar of flaming
Missiles
 z - 8 needles of confusion
 P - 7 curare-tipped needles
Armour
 j - a +2 ring mail of fire resistance
 o - a +2 hat (worn)
 s - a +2 leather armour of cold resistance (worn)
 t - a +1 buckler (worn)
 A - a +1 ring mail of poison resistance
 B - a +0 pair of gloves (worn)
Magical Staves
 a - an uncursed staff of conjuration
Jewellery
 f - a cursed ring of protection from fire (left hand)
 p - an uncursed amulet of harm
 q - the ring of Conformity {Ice *Drain rPois Int+4}
   (You found it on level 6 of the Dungeon)

   [ring of ice]

   It enhances your ice magic.
   It affects your intelligence (+4).
   It makes you vulnerable to fire.
   It protects you from cold.
   It protects you from poison.
   It causes draining when unequipped.
 r - a cursed ring of loudness (right hand)
 D - an uncursed ring of protection from magic
 G - an uncursed ring of stealth
 K - an uncursed amulet of rage
Wands
 m - a wand of digging (9)
 u - a wand of flame (61)
 E - a wand of clouds (3)
 L - a wand of acid (6)
Scrolls
 d - 2 scrolls of enchant armour {!r}
 g - 2 scrolls of identify {!r}
 h - 4 scrolls of remove curse {!r}
 y - 2 scrolls of enchant weapon {!r}
 C - 5 scrolls of magic mapping {!r}
 I - 3 scrolls of teleportation {!r}
 J - 2 scrolls of amnesia {!r}
 M - 2 scrolls of fog {!r}
 N - 2 scrolls of blinking {!r}
Potions
 e - 3 potions of agility {!q}
 i - 2 potions of cancellation {!q}
 k - a potion of lignification {!q}
 l - a potion of curing {!q}
 n - 2 potions of haste {!q}
Miscellaneous
 F - a lamp of fire
Comestibles
 c - 13 rations


   Skills:
 + Level 7.9(7.8) Fighting
 + Level 7.9(7.8) Short Blades
 + Level 7.9(7.8) Long Blades
 + Level 7.9(7.8) Axes
 + Level 7.9(7.8) Maces & Flails
 + Level 7.9(7.8) Polearms
 + Level 7.9(7.8) Staves
 + Level 7.9(7.8) Slings
 + Level 7.9(7.8) Bows
 + Level 7.9(7.8) Crossbows
 + Level 7.9(7.8) Throwing
 + Level 7.9(7.8) Armour
 + Level 9.2(9.1) Dodging
 + Level 9.0(8.9) Stealth
 + Level 7.9(7.8) Shields
 + Level 7.9(7.8) Unarmed Combat
 + Level 9.4(9.3) Spellcasting
 + Level 6.9(8.8) Conjurations
 + Level 6.5(8.4) Hexes
 + Level 6.5(8.4) Charms
 + Level 6.5(8.4) Summonings
 + Level 6.5(8.4) Necromancy
 + Level 6.5(8.4) Translocations
 + Level 6.5(8.4) Transmutations
 + Level 6.5(8.4) Fire Magic
 + Level 6.5(8.4) Ice Magic
 + Level 8.6(10.4) Air Magic
 + Level 6.5(8.4) Earth Magic
 + Level 6.5(8.4) Poison Magic
 + Level 8.6 Invocations
 + Level 7.9(9.7) Evocations


You had 17 spell levels left.
You knew the following spells:

 Your Spells              Type           Power        Failure   Level  Hunger
a - Airstrike             Air            ######....   1%          4    ##.....
b - Shock                 Conj/Air       ####         1%          1    None
d - Lightning Bolt        Conj/Air       ######....   4%          5    #####..
e - Confuse               Hex            #####...     1%          3    None


Dungeon Overview and Level Annotations

Branches:
Dungeon (12/15)            Temple (1/1) D:5            Lair (0/6) D:11
    Orc (2/2) D:11
    Elf: Orc:2

Altars:
Ashenzari
Cheibriados
Dithmenos
Elyvilon
Fedhas
Gozag
Hepliaklqana
Kikubaaqudgha
Makhleb
Nemelex Xobeh
Okawaru
Qazlal
Ru
Sif Muna
Trog
Uskayaw
Vehumet
Wu Jian
Xom
Yredelemnul
Zin
The Shining One

Shops:
D:10 :

Annotations:
Orc:2 Rupert


Innate Abilities, Weirdness & Mutations

Your experience applies equally to all skills.
You have very sharp teeth.
Your uncanny sense of smell can sniff out nearby items.
Your flesh is heat resistant. (rF+)
You are frail. (-10% HP)
You are resistant to hostile enchantments. (MR+)


Message History

The orc hits you but does no damage.
The orc high priest calls down the wrath of Beogh upon you.
Beogh smites you!
Casting: Confuse (safe; 1% risk of failure)
Confirm with . or Enter, or press ? or * to list all spells.
Aiming: Confuse (safe; 1% risk of failure)
Press: ? - help, Shift-Dir - straight line, f/p - rust devil
Aim: a rust devil (summoned, chance to defeat MR: 35%)
The rust devil appears confused.
You block the rust devil's attack. You block the orc's attack.
The orc high priest prays to Beogh.
Casting: Confuse (safe; 1% risk of failure)
Confirm with . or Enter, or press ? or * to list all spells.
Aiming: Confuse (safe; 1% risk of failure)
Press: ? - help, Shift-Dir - straight line, f - orc high priest, p - rust devil
Aim: an orc high priest, wielding a trident (chance to defeat MR: 35%)
The orc high priest appears confused.
The rust devil hits you. The rust devil corrodes you!
You block the orc's attack. You block the orange demon's attack.
The orange demon hits you.
The chaos spawn gores you but does no damage.
Unknown command.
The rust devil closely misses you. The orange demon completely misses you.
The chaos spawn hits you!
* * * LOW HITPOINT WARNING * * *
The chaos spawn freezes you. You resist.
* * * LOW HITPOINT WARNING * * *
The troll says, "I'm a little confused."
You hit the orc high priest.
The orc high priest is lightly wounded.
The orc closely misses you.
The orc high priest hits the orange demon but does no damage.
You strike the helpless orc high priest from behind!
You hit the orc high priest.
The orc high priest is lightly wounded.
You strike the helpless orc high priest from behind!
You hit the orc high priest.
The orc high priest is lightly wounded.
The orc barely misses you.
The orc high priest barely misses the orc.
You block the orange demon's attack.
You hit the orc high priest but do no damage.
Lightning courses through the orc high priest!
The orc high priest is moderately wounded.
The orc barely misses you.
You hit the orc high priest but do no damage.
The orc high priest is moderately wounded.
The orc high priest barely misses you. The orange demon stings you from afar.
* * * LOW HITPOINT WARNING * * *
Evoke which item? (* to show all) (? for menu, Esc to quit)
Aiming: Cloud Cone
Press: ? - help, Dir - move target cursor, f/p - orc high priest
Aim: an orc high priest, wielding a trident (moderately wounded, confused)
You create a blast of flame!
The chaos spawn is engulfed in blazing flames.
The chaos spawn hits you!
* * * LOW HITPOINT WARNING * * *
You feel yourself speed up. The orange demon misses you.
The orc is engulfed in blazing flames.
You kill the orc!
The orc high priest is engulfed in blazing flames.
Okay, then.
The chaos spawn is engulfed in blazing flames.
The orange demon stings you from afar!
You die...

##[###.## ####....####
##[#....###.#.....#..##
#..)4..###.....#......#
##.#[#..###§.........##
##.##...§§§§§......##.##
#.......§§§§§....###...#
#...#..§o§§........#....
#...#..4§4[T...[.......#
##.#...@.......#.....###
##...........###.....##
#..........#.###......
##.....##......#.......
##.#.#...#.#.....#......
#............#....##....
##.#....#..........#....
###...#..............#.
##.###.#............#


You could see an orc high priest (confused), an orange demon, a rust devil
(confused), a troll (confused) and a chaos spawn.

Vanquished Creatures
  Azrael (D:12)
  4 two-headed ogres
  3 ogre magi
  Erica (D:8)
  Sonja (Orc:2)
  An unseen horror (D:10)
  2 orc knights (Orc:1)
  2 ugly things (D:11)
  An orc sorcerer (Orc:1)
  An elephant (D:11)
  Psyche (D:8)
  The ghost of FoFiFeeFum the Cleaver, a novice FoFi (D:4)
  3 trolls
  4 hippogriffs
  Eustachio (D:4)
  3 wraiths (D:11)
  A spriggan (D:11)
  A fire elemental (D:11)
  A basilisk (D:11)
  Grum (D:8)
  2 hungry ghosts
  A wyvern (D:11)
  11 yaks
  2 wargs (Orc:1)
  Edmund (D:5)
  A hell hound (D:12)
  17 orc warriors
  3 ice beasts
  A necrophage (D:10)
  4 sky beasts
  2 phantoms
  21 ogres
  2 wolves
  The ghost of xccam the Chopper, an amateur FoFi (D:3)
  4 centaurs
  2 crocodiles
  3 big kobolds
  3 bullfrogs
  2 wyvern skeletons
  A water moccasin zombie (D:6)
  5 scorpions
  A water moccasin skeleton (D:10)
  10 wights
  4 howler monkeys
  3 crimson imps
  2 bullfrog zombies
  A quasit (D:8)
  4 bullfrog skeletons
  A gnoll shaman (D:7)
  9 hounds
  4 centaur zombies
  A jelly (D:11)
  18 orc priests
  3 iguanas
  2 centaur skeletons (D:8)
  12 worker ants
  Ijyb (D:5)
  Natasha (thrice) (D:3)
  22 orc wizards
  2 hound skeletons
  2 worker ant zombies (D:6)
  Robin (D:2)
  13 adders
  10 gnolls
  A howler monkey skeleton (D:10)
  5 shadow imps
  2 oozes
  2 adder skeletons
  2 adder zombies (D:6)
  A worm (D:2)
  2 dart slugs
  10 leopard geckos
  71 orcs
  3 bats
  6 giant cockroaches
  15 goblins
  6 hobgoblins
  13 jackals
  2 quokkas
  A ball python skeleton (D:4)
  9 frilled lizards
  A giant cockroach zombie (D:6)
  2 jackal skeletons
  A jackal zombie (D:6)
  18 kobolds
  2 leopard gecko zombies (D:6)
  A quokka skeleton (D:5)
  A quokka zombie (D:6)
  4 rats
433 creatures vanquished.

Vanquished Creatures (collateral kills)
  2 hell hounds (D:12)
2 creatures vanquished.

Vanquished Creatures (others)
  A centaur zombie (D:12)
1 creature vanquished.

Grand Total: 436 creatures vanquished

Notes
Turn   | Place    | Note
-------+----------+-------------------------------------------
     0 | D:1      | Amnesiac the Gnoll Air Elementalist began the quest for the Orb.
     0 | D:1      | Reached XP level 1. HP: 13/13 MP: 6/6
   220 | D:1      | Reached XP level 2. HP: 19/19 MP: 1/7
   426 | D:1      | Reached XP level 3. HP: 24/25 MP: 1/9
   632 | D:1      | Reached skill level 5 in Spellcasting
   853 | D:2      | Reached skill level 1 in Invocations
   938 | D:2      | Reached skill level 1 in Fighting
   938 | D:2      | Reached skill level 1 in Short Blades
   938 | D:2      | Reached skill level 1 in Long Blades
   938 | D:2      | Reached skill level 1 in Axes
   938 | D:2      | Reached skill level 1 in Maces & Flails
   938 | D:2      | Reached skill level 1 in Polearms
   938 | D:2      | Reached skill level 1 in Staves
   938 | D:2      | Reached skill level 1 in Slings
   938 | D:2      | Reached skill level 1 in Bows
   938 | D:2      | Reached skill level 1 in Crossbows
   938 | D:2      | Reached skill level 1 in Throwing
   938 | D:2      | Reached skill level 1 in Armour
   938 | D:2      | Reached skill level 1 in Shields
   938 | D:2      | Reached skill level 1 in Unarmed Combat
   938 | D:2      | Reached skill level 1 in Evocations
  1028 | D:2      | Reached XP level 4. HP: 32/32 MP: 8/11
  1033 | D:2      | Noticed Robin
  1052 | D:2      | Killed Robin
  1165 | D:2      | Learned a level 4 spell: Airstrike
  1516 | D:2      | Reached skill level 1 in Hexes
  1516 | D:2      | Reached skill level 1 in Charms
  1516 | D:2      | Reached skill level 1 in Summonings
  1516 | D:2      | Reached skill level 1 in Necromancy
  1516 | D:2      | Reached skill level 1 in Translocations
  1516 | D:2      | Reached skill level 1 in Transmutations
  1516 | D:2      | Reached skill level 1 in Fire Magic
  1516 | D:2      | Reached skill level 1 in Ice Magic
  1516 | D:2      | Reached skill level 1 in Earth Magic
  1516 | D:2      | Reached skill level 1 in Poison Magic
  1803 | D:3      | Reached XP level 5. HP: 37/37 MP: 3/12
  2129 | D:3      | Noticed Natasha
  2133 | D:3      | Killed Natasha
  2133 | D:3      | Reached XP level 6. HP: 35/44 MP: 1/13
  2159 | D:3      | Noticed Natasha
  2169 | D:3      | Killed Natasha
  2246 | D:3      | Noticed Natasha
  2247 | D:3      | Killed Natasha
  2367 | D:3      | Noticed xccam's ghost (amateur FoFi)
  2428 | D:3      | Killed xccam's ghost
  2428 | D:3      | Reached skill level 5 in Dodging
  2760 | D:4      | Reached XP level 7. HP: 31/50 MP: 4/15
  2973 | D:4      | Noticed FoFiFeeFum's ghost (novice FoFi)
  3038 | D:4      | Killed FoFiFeeFum's ghost
  3038 | D:4      | Reached skill level 5 in Stealth
  3205 | D:4      | Reached XP level 8. HP: 57/57 MP: 14/16
  3297 | D:4      | Learned a level 5 spell: Lightning Bolt
  3457 | D:4      | Noticed Eustachio
  3514 | D:4      | Killed Eustachio
  3627 | D:5      | Entered Level 5 of the Dungeon
  4083 | D:5      | Noticed Edmund
  4128 | D:5      | Killed Edmund
  4304 | D:5      | Noticed Ijyb
  4308 | D:5      | Killed Ijyb
  4591 | D:5      | Found a staircase to the Ecumenical Temple.
  4597 | Temple   | Entered the Ecumenical Temple
  4799 | Temple   | Became a worshipper of Ashenzari the Shackled
  4957 | D:5      | Reached XP level 9. HP: 65/65 MP: 5/18
  4981 | D:5      | Found a basalt altar of Yredelemnul.
  6130 | D:8      | Reached * piety under Ashenzari
  6134 | D:8      | Noticed Psyche
  6143 | D:8      | Gained mutation: You are dopey. (Int -2) [potion of mutation]
  6143 | D:8      | Gained mutation: You have large cloven feet. [potion of mutation]
  6143 | D:8      | Gained mutation: You are resistant to hostile enchantments. (MR+) [potion of mutation]
  6172 | D:8      | HP: 2/65 [something/magic dart (8)]
  6173 | D:8      | Killed Psyche
  6641 | D:6      | Identified the ring of Conformity {Ice *Drain rPois Int+4}
  6666 | D:6      | Found a hazy altar of Hepliaklqana.
  6667 | D:6      | Found a sacrificial altar of Ru.
  6706 | D:6      | Found an ornate altar of the Wu Jian Council.
  6755 | D:6      | Found a glowing silver altar of Zin.
  6903 | D:6      | Found a burning altar of Makhleb.
  7272 | D:6      | Reached skill level 5 in Invocations
  7716 | D:7      | Reached XP level 10. HP: 73/73 MP: 3/20
  8669 | D:8      | Noticed Erica
  8692 | D:8      | Killed Erica
  8692 | D:8      | Reached skill level 5 in Fighting
  8692 | D:8      | Reached skill level 5 in Short Blades
  8692 | D:8      | Reached skill level 5 in Long Blades
  8692 | D:8      | Reached skill level 5 in Axes
  8692 | D:8      | Reached skill level 5 in Maces & Flails
  8692 | D:8      | Reached skill level 5 in Polearms
  8692 | D:8      | Reached skill level 5 in Staves
  8692 | D:8      | Reached skill level 5 in Slings
  8692 | D:8      | Reached skill level 5 in Bows
  8692 | D:8      | Reached skill level 5 in Crossbows
  8692 | D:8      | Reached skill level 5 in Throwing
  8692 | D:8      | Reached skill level 5 in Armour
  8692 | D:8      | Reached skill level 5 in Shields
  8692 | D:8      | Reached skill level 5 in Unarmed Combat
  8692 | D:8      | Reached skill level 5 in Evocations
  8693 | D:8      | Noticed Grum
  8707 | D:8      | Killed Grum
  9560 | D:9      | Reached skill level 5 in Conjurations
 10055 | D:9      | Learned a level 3 spell: Confuse
 10367 | D:9      | Found a blossoming altar of Fedhas.
 10367 | D:9      | Found a basalt altar of Yredelemnul.
 10419 | D:10     | Entered Level 10 of the Dungeon
 10419 | D:10     | Reached ** piety under Ashenzari
 10460 | D:9      | Reached XP level 11. HP: 81/81 MP: 9/22
 10547 | D:10     | Found Ogibidyo's Book Boutique.
 10818 | D:10     | Found a snail-covered altar of Cheibriados.
 11325 | D:10     | Reached skill level 5 in Hexes
 11325 | D:10     | Reached skill level 5 in Charms
 11325 | D:10     | Reached skill level 5 in Summonings
 11325 | D:10     | Reached skill level 5 in Necromancy
 11325 | D:10     | Reached skill level 5 in Translocations
 11325 | D:10     | Reached skill level 5 in Transmutations
 11325 | D:10     | Reached skill level 5 in Fire Magic
 11325 | D:10     | Reached skill level 5 in Ice Magic
 11325 | D:10     | Reached skill level 5 in Earth Magic
 11325 | D:10     | Reached skill level 5 in Poison Magic
 11667 | D:10     | Killed an unseen horror
 11698 | D:11     | Noticed a white ugly thing
 11772 | D:11     | Noticed a white ugly thing
 11792 | D:11     | Killed a white ugly thing
 11836 | D:11     | Killed a purple ugly thing
 12344 | D:11     | Found a staircase to the Lair.
 12862 | D:11     | Found a staircase to the Orcish Mines.
 13223 | Orc:1    | Entered Level 1 of the Orcish Mines
 13238 | Orc:1    | Noticed an orc sorcerer
 13388 | Orc:1    | Killed an orc sorcerer
 13955 | D:12     | Noticed Azrael
 14059 | D:11     | Reached XP level 12. HP: 12/89 MP: 6/24
 14902 | D:12     | Killed Azrael
 15386 | D:12     | Reached *** piety under Ashenzari
 16253 | Orc:2    | Entered Level 2 of the Orcish Mines
 16425 | Orc:2    | Noticed a two-headed ogre
 16425 | Orc:2    | Noticed a two-headed ogre
 16426 | Orc:2    | Noticed a two-headed ogre
 16448 | Orc:2    | Killed a two-headed ogre
 16457 | Orc:2    | Noticed a two-headed ogre
 16464 | Orc:2    | Noticed Rupert
 16569 | Orc:2    | Noticed Sonja
 16571 | Orc:2    | Killed Sonja
 16752 | Orc:2    | Killed a two-headed ogre
 16892 | Orc:2    | Noticed a two-headed ogre
 16904 | Orc:2    | Killed a two-headed ogre
 16971 | Orc:2    | Noticed an ogre mage
 16990 | Orc:2    | Killed an ogre mage
 17030 | Orc:2    | Noticed an ogre mage
 17040 | Orc:2    | Killed an ogre mage
 17272 | Orc:2    | Lost mutation: You are dopey. (Int -2) [potion of mutation]
 17272 | Orc:2    | Lost mutation: You have large cloven feet. [potion of mutation]
 17272 | Orc:2    | Gained mutation: You are frail. (-10% HP) [potion of mutation]
 17272 | Orc:2    | Gained mutation: Your flesh is heat resistant. (rF+) [potion of mutation]
 17384 | Orc:2    | Noticed an ogre mage
 17384 | Orc:2    | Noticed a two-headed ogre
 17395 | Orc:1    | Killed a two-headed ogre
 17515 | Orc:2    | Noticed a two-headed ogre
 17525 | Orc:1    | Killed an ogre mage
 17650 | Orc:1    | Reached XP level 13. HP: 62/88 MP: 0/26
 18675 | Orc:1    | Slain by an orange demon

Vault maps used:
D:1:      minmay_arrival_wavy_path, serial_glass, glass_columns_a,
          glass_columns_b, item_on_display_a, minmay_strange_pillars,
          item_on_display_b, feat_on_display, minmay_misc_feat_roman,
          minmay_misc_feat_five
D:2:      minmay_lizard_king, uniq_robin
D:3:      first_ration, uniq_natasha
D:4:      uniq_eustachio
D:5:      mumra_celtic_spiral_tile, minmay_temple_entry_fiery, basic_altar,
          uniq_ijyb, uniq_edmund
D:6:      overflow_temple_1_default, grunt_temple_overflow_open, serial_undead,
          serial_undead_d, serial_undead_a, serial_undead_e, serial_undead_e
D:8:      uniq_grum, uniq_erica, uniq_psyche
D:9:      gammafunk_temple_overflow_elements
D:10:     basic_altar, serial_shops, shop
D:11:     david_lair_generic, hiddenorc1_lemuel, the_bakery, minmay_checkerbox
D:12:     serial_column_ruins, column_ruins_hut_ruined, column_ruins_grid_1,
          column_ruins_open_medium, column_ruins_corridor_plus,
          column_ruins_grid_3, column_ruins_open_tiny, uniq_azrael
Temple:   regret_index_temple_generic_petals
Orc:2:    st_orc_ogre_mass, uniq_sonja, uniq_rupert

Skill      XL: |  1  2  3  4  5  6  7  8  9 10 11 12 13 |
---------------+----------------------------------------+-----
Conjurations   | 2 3 4 5 6 |  6.9
Spellcasting   | 5 6 7 8 9 |  9.4
Invocations    | 1 2 3 4 5 6 7 8 |  8.6
Fighting       | 1 2 3 4 5 6 7 |  7.9
Short Blades   | 1 2 3 4 5 6 7 |  7.9
Long Blades    | 1 2 3 4 5 6 7 |  7.9
Axes           | 1 2 3 4 5 6 7 |  7.9
Maces & Flails | 1 2 3 4 5 6 7 |  7.9
Polearms       | 1 2 3 4 5 6 7 |  7.9
Staves         | 1 2 3 4 5 6 7 |  7.9
Slings         | 1 2 3 4 5 6 7 |  7.9
Bows           | 1 2 3 4 5 6 7 |  7.9
Crossbows      | 1 2 3 4 5 6 7 |  7.9
Throwing       | 1 2 3 4 5 6 7 |  7.9
Armour         | 1 2 3 4 5 6 7 |  7.9
Shields        | 1 2 3 4 5 6 7 |  7.9
Unarmed Combat | 1 2 3 4 5 6 7 |  7.9
Evocations     | 1 2 3 4 5 6 7 |  7.9
Hexes          | 1 2 3 4 5 6 |  6.5
Charms         | 1 2 3 4 5 6 |  6.5
Summonings     | 1 2 3 4 5 6 |  6.5
Necromancy     | 1 2 3 4 5 6 |  6.5
Translocations | 1 2 3 4 5 6 |  6.5
Transmutations | 1 2 3 4 5 6 |  6.5
Fire Magic     | 1 2 3 4 5 6 |  6.5
Ice Magic      | 1 2 3 4 5 6 |  6.5
Earth Magic    | 1 2 3 4 5 6 |  6.5
Poison Magic   | 1 2 3 4 5 6 |  6.5
Dodging        | 5 6 7 8 9 |  9.2
Stealth        | 5 6 7 8 9 |  9.0
Air Magic      | 6 7 8 |  8.6

Action                   |  1- 3 |  4- 6 |  7- 9 | 10-12 | 13-15 || total
-------------------------+-------+-------+-------+-------+-------++-------
Melee: Unarmed           |     7 |     9 |       |     6 |       ||    22
       Bite              |       |     3 |    57 |    42 |    13 ||   115
       Short sword       |       |    11 |    70 |       |       ||    81
       Punch             |       |       |     5 |       |       ||     5
       Dagger            |       |       |   341 |   151 |       ||   492
       Kick              |       |       |    71 |   140 |       ||   211
       Whip              |       |       |       |   217 |    66 ||   283
       Falchion          |       |       |       |     7 |       ||     7
       Staff             |       |       |       |     2 |       ||     2
       Scimitar          |       |       |       |    91 |    54 ||   145
 Cast: Shock             |    54 |    74 |    21 |       |       ||   149
       Airstrike         |       |    17 |   102 |   315 |    19 ||   453
       Confuse           |       |       |       |     4 |     9 ||    13
       Lightning Bolt    |       |       |       |     2 |       ||     2
Invok: Curse Item        |       |       |     1 |       |       ||     1
Evoke: Wand              |       |       |       |     4 |     2 ||     6
  Use: Scroll            |       |     6 |     4 |     7 |       ||    17
       Potion            |       |       |     4 |     9 |       ||    13
 Stab: Sleeping          |       |       |     3 |     1 |       ||     4
       Confused          |       |       |       |     1 |     2 ||     3
  Eat: Chunk             |       |     8 |    23 |    50 |     3 ||    84
       Ration            |       |       |     2 |     4 |     1 ||     7
Armor: Robe              |       |     3 |    32 |       |       ||    35
       Leather armour    |       |       |    55 |    97 |    11 ||   163
       Skin              |       |       |       |    22 |       ||    22
Dodge: Dodged            |    22 |    31 |   352 |   317 |    78 ||   800
Block: Buckler           |       |       |    75 |   154 |    62 ||   291
       Rpst.: Falchion   |       |       |       |     4 |       ||     4
       Scimitar          |       |       |       |    20 |    11 ||    31

Table legend:
 A = Spawn XP
 B = Non-spawn XP
 C = Spawn XP percentage of total XP
 D = Spawn monster count
 E = Non-spawn monster count
 F = Spawn count percentage of total count
 G = Total turns spent on level
                    A         B        C        D         E        F      G
               +---------+---------+-------+---------+---------+-------+---------
         Total |       0 |   35104 |   0.0 |       0 |     436 |   0.0 | 18675
               +---------+---------+-------+---------+---------+-------+---------
           D:1 |       0 |      42 |   0.0 |       0 |      20 |   0.0 |   743
           D:2 |       0 |      99 |   0.0 |       0 |      37 |   0.0 |  1144
           D:3 |       0 |     417 |   0.0 |       0 |      25 |   0.0 |   952
           D:4 |       0 |    1066 |   0.0 |       0 |      20 |   0.0 |   788
           D:5 |       0 |     847 |   0.0 |       0 |      22 |   0.0 |  1844
           D:6 |       0 |    1191 |   0.0 |       0 |      48 |   0.0 |  1557
           D:7 |       0 |    1004 |   0.0 |       0 |      25 |   0.0 |  1174
           D:8 |       0 |    2540 |   0.0 |       0 |      23 |   0.0 |  1009
           D:9 |       0 |    2037 |   0.0 |       0 |      20 |   0.0 |  1068
          D:10 |       0 |    3158 |   0.0 |       0 |      41 |   0.0 |  1349
          D:11 |       0 |    4643 |   0.0 |       0 |      43 |   0.0 |  2493
          D:12 |       0 |    4084 |   0.0 |       0 |      24 |   0.0 |  1366
         Orc:1 |       0 |    6460 |   0.0 |       0 |      65 |   0.0 |  1897
         Orc:2 |       0 |    7516 |   0.0 |       0 |      23 |   0.0 |  1049
               +---------+---------+-------+---------+---------+-------+---------
